 Seeded DCSS version 0.30-a0-881-g1ff12e1e11 (webtiles) character file.

Game seed: 614 (custom seed)

11 Mogus the Slasher (level 2, -1/24 HPs)
             Began as a Human Berserker on Mar 14, 2023.
             Was a Follower of Trog.
             Slain by an adder (4 damage)
             ... on level 2 of the Dungeon.
             The game lasted 00:05:20 (946 turns).

Mogus the Slasher (Human Berserker)                  Turns: 946, Time: 00:05:20

Health: -1/24      AC:  3    Str: 17    XL:     2   Next: 40%
Magic:  2/2        EV: 12    Int:  7    God:    Trog [*.....]
Gold:   43         SH:  0    Dex: 12    Spells: 1/1 levels left

rFire   . . .      SeeInvis .    a - +0 falchion
rCold   . . .      Faith    .    (no shield)
rNeg    . . .      Spirit   .    e - +0 leather armour
rPois   .          Reflect  .    (no helmet)
rElec   .          Rampage  .    (no cloak)
rCorr   .                        (no gloves)
Will    +....                    (no boots)
Stlth   +                        (no amulet)
HPRegen 0.24/turn                f - ring of willpower
MPRegen 0.08/turn                (no ring)

@: lethally poisoned (-1 -> -5)
A: no striking features
a: Renounce Religion, Berserk


You were on level 2 of the Dungeon.
You worshipped Trog.
Trog was aware of your devotion.
You visited 1 branch of the dungeon, and saw 2 of its levels.

You collected 43 gold pieces.

Inventory:

Hand Weapons
 a - a +0 falchion (weapon)
Missiles
 d - 3 poisoned darts (quivered)
 g - 9 stones
Armour
 b - a +0 animal skin
 c - a +0 robe
 e - a +0 leather armour (worn)
Jewellery
 f - a ring of willpower (left hand)


   Skills:
 + Level 3.1 Fighting
 + Level 3.1 Long Blades
 + Level 2.1 Armour
 + Level 2.2 Dodging
 + Level 0.2 Stealth


You had one spell level left.
You didn't know any spells.
Your spell library contained the following spells:

 Spells                   Type           Power      Damage    Failure   Level
 Tukima's Dance           Hex            0%         N/A       86%         3
 Passage of Golubria      Tloc           0%         N/A       99%         4
 Yara's Violent Unravell  Hex/Tmut       0%         3d3       100%        5


Dungeon Overview and Level Annotations

Branches:
Dungeon (2/15)

Altars:

Shops:
D:2 [


Message History

You miss the quokka. The quokka closely misses you.
The quokka barely misses you.
You completely miss the quokka. The quokka closely misses you.
You slash the quokka!
You kill the quokka!
Trog accepts your kill.
There is an entrance to Dytsom's Armour Shop here.
Okay, then.
A hobgoblin comes into view.
An adder comes into view.
The hobgoblin shouts!
The adder hisses angrily.
You barely miss the hobgoblin. The hobgoblin closely misses you.
The adder bites you.
You barely miss the hobgoblin. The adder bites you.
The hobgoblin closely misses you. The adder misses you. The hobgoblin hits you.
You closely miss the hobgoblin. The adder bites you.
The hobgoblin hits you but does no damage.
You hit the hobgoblin.
You kill the hobgoblin!
Trog accepts your kill. The adder bites you.
You are poisoned.
The adder poisons you! The adder barely misses you.
You closely miss the adder.
You feel sick. The adder bites you.
You are more poisoned.
The adder poisons you!
You slash the adder!
The adder is severely wounded.
You feel sick. The adder closely misses you. The adder bites you.
* * * LOW HITPOINT WARNING * * *
You hit the adder.
The adder is severely wounded.
* * * LOW HITPOINT WARNING * * *
You feel sick. The adder bites you but does no damage.
You closely miss the adder.
The adder is severely wounded.
* * * LOW HITPOINT WARNING * * *
You feel sick. The adder closely misses you. The adder bites you.
You die...

#..# #..##
#...# #.<#
#.†# #..#
#####..#
#....S.#
.#####....∩@#
............#
.#..........#
............#
........?####
........##
.#.....##
##...# ##.#


You could see an adder.

Vanquished Creatures
  A goblin (D:1)
  A hobgoblin (D:2)
  A kobold (D:1)
  A quokka (D:2)
  A ball python (D:1)
  4 bats (D:1)
  2 rats
11 creatures vanquished.

Notes
Turn   | Place    | Note
-------+----------+-------------------------------------------
     0 | D:1      | Mogus the Human Berserker began the quest for the Orb.
     0 | D:1      | Reached XP level 1. HP: 18/18 MP: 1/1
   192 | D:1      | Reached XP level 2. HP: 14/24 MP: 2/2
   915 | D:2      | Found Dytsom's Armour Shop.
   946 | D:2      | Slain by an adder

Illustrated notes

Levels and vault maps discovered:
D:1:      roderic_chinese_lattice_arrival, layout_loops_corners,
          kennysheep_flooded_box
D:2:      layout_loops_ring, basic_altar,
          dreamdust_ecumenical_altar_drowned_temple, serial_shops,
          nicolae_shop_waterfront, shop, shop, shop,
          nicolae_shop_overgrown_old_shop, uniq_natasha, uniq_terence

Action                     || total
---------------------------++-------
  Melee: Falchion          ||    44
   Stab: Sleeping          ||     1
 Armour: Robe              ||    17
         Leather armour    ||     4
  Dodge: Dodged            ||    51

Table legend: (Time is in decaauts)
 A = Elapsed time spent in this place.
 B = Non-inter-level travel time spent in this place.
 C = Inter-level travel time spent in this place.
 D = Time resting spent in this place.
 E = Time spent auto-exploring this place.
 F = Levels seen in this place.
 G = Mean time per level.
                   A        B        C        D        E       F      G
               +--------+--------+--------+--------+--------+-----+--------+
         Total |    951 |    951 |      0 |      0 |      0 |   2 |  475.5 |
       Dungeon |    951 |    951 |      0 |      0 |      0 |   2 |  475.5 |
               +--------+--------+--------+--------+--------+-----+--------+

Top non-repeatable levels by time:
     D:1: 919 daAuts
     D:2: 32 daAuts
